 Seeded DCSS version 0.30-a0-956-gcec3b41aec (webtiles) character file.

Game seed: 13137397067068997422 (custom seed)

40429 mistaj the Warrior (level 14, 0/98 HPs)
             Began as a Gargoyle Fighter on Mar 30, 2023.
             Was the Champion of Okawaru.
             Slain by a polar bear (4 damage)
             ... on level 4 of the Lair of Beasts.
             The game lasted 00:29:44 (18498 turns).

mistaj the Warrior (Gargoyle Fighter)              Turns: 18498, Time: 00:29:44

Health: 0/98       AC: 24    Str: 19    XL:     14   Next: 10%
Magic:  14/14      EV: 10    Int: 11    God:    Okawaru [******]
Gold:   2606       SH: 10    Dex:  9    Spells: 13/13 levels left

rFire   + . .      SeeInvis .    q - +3 demon trident (vamp)
rCold   + . .      Faith    .    c - +0 buckler
rNeg    + . .      Spirit   .    j - +2 ring mail {rF+}
rPois   ∞          Reflect  +    D - +0 helmet
rElec   +          Rampage  ∞    H - +0 cloak
rCorr   .          Clarity  +    (no gloves)
Will    +....                    n - +3 pair of seven-league boots {Rampage+∞} Stlth
                                 m - amulet of reflection
HPRegen 0.36/turn                f - +4 ring of protection
MPRegen 0.14/turn                x - ring of protection from cold

@: corroded, flying
A: sickness immunity, AC +10, big wings, negative energy resistance 1,
electricity resistance, torment resistance 1, petrification resistance, clarity,
weak 2
a: Renounce Religion, Heroism, Finesse, Duel


You were on level 4 of the Lair of Beasts.
You worshipped Okawaru.
Okawaru was exalted by your worship.
You visited 3 branches of the dungeon, and saw 17 of its levels.
You also visited: Sewer, Bailey and Ice Cave.

You collected 2606 gold pieces.

Inventory:

Hand Weapons
 q - a +3 vampiric demon trident (weapon)
Missiles
 o - 6 javelins
 z - 3 throwing nets (quivered)
Armour
 c - a +0 buckler (worn)
 j - a +2 ring mail of fire resistance (worn)
 n - the +3 pair of seven-league boots (worn) {Rampage+∞}
   (You acquired it on level 3 of the Dungeon)

   Rampage+∞: When moving toward enemies, its wearer moves as far as possible.
 r - a +1 ring mail of cold resistance
 C - +0 steam dragon scales
 D - a +0 helmet (worn)
 H - a +0 cloak (worn)
Jewellery
 f - a +4 ring of protection (left hand)
 m - an amulet of reflection (around neck)
 p - a ring of positive energy
 x - a ring of protection from cold (right hand)
 M - a ring of see invisible
 N - a ring of protection from fire
Wands
 l - a wand of paralysis (6)
 y - a wand of digging (6)
 B - a wand of roots (3)
Scrolls
 b - 7 scrolls of teleportation
 e - 2 scrolls of identify
 v - 5 scrolls of enchant armour
 w - a scroll of fog
 A - a scroll of blinking
 F - a scroll of brand weapon
 I - a scroll of magic mapping
 K - a scroll of silence
 Q - 2 scrolls of immolation
Potions
 d - 10 potions of might
 g - 13 potions of curing
 h - 2 potions of cancellation
 i - 5 potions of mutation
 k - a potion of berserk rage
 s - 4 potions of brilliance
 t - 5 potions of heal wounds
 u - 6 potions of haste
 G - a potion of magic
 J - a potion of ambrosia
 L - a potion of attraction
 R - a potion of lignification
Miscellaneous
 T - a phial of floods


   Skills:
 + Level 15.3 Fighting
 - Level 5.5(7.8) Maces & Flails
 * Level 14.5(15.3) Polearms
 - Level 8.6(13.6) Staves
 - Level 3.2 Armour
 - Level 7.9 Shields


You had 13 spell levels left.
You didn't know any spells.
Your spell library contained the following spells:

 Spells                   Type           Power      Damage    Failure   Level
 Freeze                   Ice            0%         1d3       58%         1
 Shock                    Conj/Air       0%         1d3       58%         1
 Ensorcelled Hibernation  Hex/Ice        0%         N/A       75%         2
 Passwall                 Tmut/Erth      0%         N/A       75%         2
 Dazzling Flash           Conj/Hex       0%         N/A       92%         3
 Frozen Ramparts          Ice            0%         1d1       92%         3
 Hailstorm                Conj/Ice       0%         3d3       92%         3
 Swiftness                Air            0%         N/A       92%         3
 Airstrike                Air            0%         2d(0-16)  100%        4
 Dispel Undead            Necr           0%         3d6       100%        4
 Agony                    Necr           0%         N/A       100%        5
 Silence                  Hex/Air        0%         N/A       100%        5
 Yara's Violent Unravell  Hex/Tmut       0%         3d3       100%        5
 Enfeeble                 Hex            0%         N/A       100%        7
 Chain Lightning          Conj/Air       0%         N/A       100%        9
 Fire Storm               Conj/Fire      0%         5d1       100%        9
 Shatter                  Erth           0%         3d5*      100%        9
 Cigotuvi's Dreadful Rot  Necr/Pois/Air  Unusable   N/A       N/A         2
 Death Channel            Necr           Unusable   N/A       N/A         6

Dungeon Overview and Level Annotations

Branches:
Dungeon (11/15)            Temple (1/1) D:5            Lair (5/5) D:9
  Swamp (0/4) Lair:2        Snake (0/4) Lair:2        Sewer (visited)
 Bailey (visited)           IceCv (visited)
  Slime: Lair:4-5       Orc: D:9-12

Altars:
Ashenzari
Cheibriados
Dithmenos
Elyvilon
Fedhas
Gozag
Hepliaklqana
Kikubaaqudgha
Makhleb
Nemelex Xobeh
Okawaru
Qazlal
Ru
Sif Muna
Trog
Uskayaw
Vehumet
Wu Jian
Xom
Yredelemnul
Zin
The Shining One

Shops:
D:5 *   D:8 *


Innate Abilities, Weirdness & Mutations

You are immune to sickness and miasma.
Your stone body is resilient. (AC +10)
You are immune to poison.
Your large and strong wings let you fly.
You resist negative energy. (rN+)
You are resistant to electric shocks. (rElec)
You are resistant to unholy torment.
You are immune to petrification.
You possess an exceptional clarity of mind.
You are very weak. (Str -4)


Message History

The polar bear bites you. You block the polar bear's attack.
The polar bear claws you but does no damage.
You block the komodo dragon's attack.
The polar bear bites you but does no damage.
The polar bear claws you.
The polar bear claws you but does no damage.
The yak gores you.
* * * LOW HITPOINT WARNING * * *
You feel yourself speed up. You block the komodo dragon's attack.
You block the polar bear's attack. x3 4 yaks come into view.
The yak bellows! x4; You hear a bellow! x2
A yak comes into view.
The yak moves out of view.
Blink to where?
Press: ? - help, Dir - move target
As you read the scroll of blinking, it crumbles to dust.
The polar bear closely misses you.
The polar bear claws you but does no damage. x2
You block the polar bear's attack. x2; The polar bear barely misses you.
The yak gores you but does no damage.
The polar bear bites you but does no damage.
The polar bear claws you but does no damage.
The polar bear claws you.
* * * LOW HITPOINT WARNING * * *
You fly upwards.
There is a stone staircase leading down here.
The polar bear bites you!
* * * LOW HITPOINT WARNING * * *
The polar bear claws you but does no damage.
You block the polar bear's attack.
The polar bear attacks as you move away!
The polar bear bites you but does no damage.
You block the polar bear's attack.
The polar bear claws you but does no damage.
The yak attacks as you move away! The yak gores you!
* * * LOW HITPOINT WARNING * * *
The polar bear attacks as you move away!
The polar bear bites you.
You die...

#..P.#######...........##..#...#.
#..P## #...........######..##
##...## #####'#.##P## #..#
#..#.### #..##### ##.# ##...##P#
#####..###### ##.# ........#
##...##+..#..## #..##
........###......Y....#.# #..P#
.........###.....h....### ###P..#
........P#.#....@Y......###......
.................h...........#...
........#..#..........########..#
........#..+..........## ##.#
.........#.#...........# #..
........#####.#'.....[P# #..
#.....### ♣♣#.♣♣♣♣♣♣♣♣ ♣..
##....### ♣♣♣ ♣♣♣ ♣♣. .#.#..#P#♣
♣.♣♣♣♣.


You could see 2 polar bears and 2 yaks.

Vanquished Creatures
  A frost giant (IceCv)
  Nessos (Lair:4)
  2 vault guards (Bailey)
  2 catoblepae (Lair:3)
  4 hydras (Lair:2)
  A boulder beetle (Lair:4)
  7 death yaks (IceCv)
  2 two-headed ogres
  A vampire mage (Lair:4)
  Urug (D:10)
  Sonja (Lair:2)
  Nergalle (D:10)
  An oklob plant (Lair:5)
  3 elephants (Lair:4)
  2 black mambas (Lair:4)
  Maurice (D:9)
  An ice statue (IceCv)
  A torpor snail (Lair:4)
  2 cane toads
  3 komodo dragons
  10 rime drakes
  A kobold demonologist (D:11)
  2 trolls
  4 polar bears (IceCv)
  8 blink frogs
  A tyrant leech (Lair:2)
  Prince Ribbit (Bailey)
  Sigmund (D:4)
  A shadow (D:10)
  4 humans
  3 wyverns
  Eustachio (D:4)
  A basilisk (Lair:2)
  40 yaks
  2 swamp worms (Lair:2)
  3 steam dragons
  3 acid dragons
  7 water moccasins
  3 ice beasts
  3 sky beasts
  3 orc warriors
  3 black bears
  14 wolves
  3 ogres
  2 phantoms (D:6)
  9 centaurs
  Blork the orc (D:4)
  A kobold brigand (D:9)
  24 bullfrogs
  2 gnoll sergeants
  3 scorpions
  9 wights
  Dowan (D:4)
  6 howler monkeys
  2 orc priests
  A hound (D:5)
  2 jellies
  A sleepcap (D:6)
  2 iguanas
  Terence (D:3)
  8 orc wizards
  16 gnolls
  16 adders
  6 river rats (Sewer)
  A shadow imp (D:6)
  3 white imps
  4 worms
  5 dart slugs
  29 orcs
  6 endoplasms
  8 giant cockroaches
  11 goblins
  8 hobgoblins
  3 quokkas
  18 ball pythons
  6 bats
  4 frilled lizards
  12 kobolds
  34 rats
  A spectral orc (D:7)
426 creatures vanquished.

Vanquished Creatures (others)
  2 demonic plants (D:3)
  33 fungi
  27 plants
62 creatures vanquished.

Grand Total: 488 creatures vanquished

Notes
Turn   | Place    | Note
-------+----------+-------------------------------------------
     0 | D:1      | mistaj the Gargoyle Fighter began the quest for the Orb.
     0 | D:1      | Reached XP level 1. HP: 14/14 MP: 1/1
   124 | D:1      | Reached XP level 2. HP: 6/19 MP: 2/2
   306 | D:1      | Identified a scroll of acquirement
   306 | D:1      | Acquired a +4 ring of protection
   594 | D:1      | Reached XP level 3. HP: 22/24 MP: 3/3
   947 | D:2      | Reached skill level 4 in Fighting
  1033 | D:2      | Found Xexamnid's Weapon Shoppe.
  1146 | D:2      | Reached XP level 4. HP: 25/29 MP: 4/4
  1385 | D:3      | Acquired the +3 pair of seven-league boots {Rampage+∞}
  1385 | D:3      | Found the +3 pair of seven-league boots {Rampage+∞}
  1418 | D:3      | Found a faded altar of an unknown god.
  1435 | D:3      | Found an ornate altar of the Wu Jian Council.
  2015 | D:3      | Reached XP level 5. HP: 34/34 MP: 5/5
  2171 | D:3      | Noticed Terence
  2180 | D:3      | Killed Terence
  2246 | D:3      | Found a broken altar of Ashenzari.
  2708 | D:4      | Noticed an ogre
  2716 | D:4      | Killed an ogre
  2717 | D:4      | Reached XP level 6. HP: 20/40 MP: 6/6
  2917 | D:4      | Reached skill level 5 in Fighting
  2917 | D:4      | Reached skill level 5 in Shields
  2974 | D:4      | Found an opulent altar of Gozag.
  3042 | D:4      | Noticed Blork the orc
  3058 | D:4      | Killed Blork the orc
  3221 | D:4      | Found a snail-covered altar of Cheibriados.
  3430 | D:4      | Noticed Dowan
  3552 | D:4      | Killed Dowan
  3553 | D:4      | Reached XP level 7. HP: 6/44 MP: 7/7
  4041 | D:4      | Noticed Sigmund
  4084 | D:4      | Killed Sigmund
  4365 | D:4      | Found a glowing silver altar of Zin.
  4527 | D:4      | Noticed Eustachio
  4537 | D:4      | Killed Eustachio
  4538 | D:4      | Reached skill level 6 in Fighting
  4538 | D:4      | Reached skill level 5 in Maces & Flails
  4890 | D:4      | Reached XP level 8. HP: 52/52 MP: 8/8
  5160 | D:5      | Entered Level 5 of the Dungeon
  5205 | D:5      | Acquired a +0 vampiric demon trident
  5225 | D:5      | Found a staircase to the Ecumenical Temple.
  5234 | Temple   | Entered the Ecumenical Temple
  5264 | Temple   | Became a worshipper of Warmaster Okawaru
  5316 | D:5      | Found a glowing drain.
  5348 | Sewer    | Entered a sewer
  5570 | Sewer    | Reached skill level 1 in Staves
  6381 | D:5      | Reached skill level 7 in Fighting
  6441 | D:5      | Reached * piety under Okawaru
  6649 | D:5      | Found Fattoqam's Elemental Accessories.
  6838 | D:5      | Reached XP level 9. HP: 49/57 MP: 9/9
  6926 | D:6      | Reached skill level 5 in Staves
  7016 | D:6      | Reached ** piety under Okawaru
  7017 | D:6      | Reached skill level 8 in Fighting
  8115 | D:6      | Found a shadowy altar of Dithmenos.
  8409 | D:7      | Reached skill level 9 in Fighting
  8409 | D:7      | Reached XP level 10. HP: 59/66 MP: 10/10
  8423 | D:7      | Found an ancient bone altar of Kikubaaqudgha.
  8492 | D:7      | Reached *** piety under Okawaru
  8512 | D:7      | HP: 3/66 [wight/+3 falchion of freezing (2)]
  8786 | D:7      | Found a glowing golden altar of the Shining One.
  9021 | D:7      | Found a basalt altar of Yredelemnul.
  9247 | D:8      | Found a shimmering altar of Xom.
  9409 | D:8      | Reached skill level 1 in Polearms
  9738 | D:8      | Identified the +0 plate armour "Bouxoar" {Rampage}
  9801 | D:8      | Found a radiant altar of Vehumet.
  9822 | D:8      | Found Liozef's General Store.
 10376 | D:8      | Reached skill level 10 in Fighting
 10725 | D:9      | Reached **** piety under Okawaru
 10743 | D:9      | Received a gift from Okawaru
 10801 | D:9      | Found a flagged portal.
 10814 | Bailey   | Entered a bailey
 10842 | Bailey   | Reached skill level 5 in Polearms
 10904 | Bailey   | Reached XP level 11. HP: 73/73 MP: 11/11
 10929 | Bailey   | Noticed a vault guard
 10931 | Bailey   | Noticed Prince Ribbit
 10959 | Bailey   | Killed a vault guard
 10963 | Bailey   | Killed Prince Ribbit
 10964 | Bailey   | Reached skill level 11 in Fighting
 11017 | Bailey   | Noticed a vault guard
 11040 | Bailey   | Killed a vault guard
 11040 | Bailey   | Reached ***** piety under Okawaru
 11074 | Bailey   | Acquired 763 gold pieces
 11169 | D:9      | Found a staircase to the Lair.
 11193 | D:9      | Noticed Maurice
 11244 | D:9      | Killed Maurice
 11356 | D:9      | Found a burning altar of Makhleb.
 11579 | D:9      | Noticed a two-headed ogre
 11593 | D:9      | Killed a two-headed ogre
 11593 | D:9      | Identified the +5 chain mail of the Loofah {rPois Str+6
                  | Dex-2} (Okawaru gifted it to you on level 9 of the Dungeon)
 11593 | D:9      | Received a gift from Okawaru
 11970 | D:9      | Found a bloodstained altar of Trog.
 12104 | D:10     | Entered Level 10 of the Dungeon
 12558 | D:10     | Noticed Urug
 12561 | D:10     | Paralysed by Urug for 3 turns
 12570 | D:10     | Killed Urug
 12571 | D:10     | Reached skill level 12 in Fighting
 12854 | D:10     | Noticed a two-headed ogre
 12861 | D:10     | Noticed Nergalle
 12866 | D:10     | Killed a two-headed ogre
 12867 | D:10     | Reached XP level 12. HP: 59/81 MP: 12/12
 12889 | D:10     | Killed Nergalle
 13428 | D:11     | Reached skill level 10 in Polearms
 13662 | D:11     | Acquired 895 gold pieces
 13979 | Lair:1   | Entered Level 1 of the Lair of Beasts
 14157 | Lair:1   | You fall into a shaft and drop 1 floor!
 14224 | Lair:2   | Noticed a five-headed hydra
 14233 | Lair:2   | Killed a five-headed hydra
 14247 | Lair:2   | Found a frozen archway.
 14256 | IceCv    | Entered an ice cave
 14287 | IceCv    | Reached skill level 13 in Fighting
 14432 | IceCv    | Noticed a death yak
 14435 | IceCv    | Reached ****** piety under Okawaru
 14448 | IceCv    | Killed a death yak
 14448 | IceCv    | Identified the +3 glaive of Novvan {heavy, Int+3} (Okawaru
                  | gifted it to you in an ice cave)
 14448 | IceCv    | Received a gift from Okawaru
 14495 | IceCv    | Noticed a death yak
 14514 | IceCv    | Noticed a death yak
 14519 | IceCv    | Killed a death yak
 14529 | IceCv    | Killed a death yak
 14785 | IceCv    | Noticed a death yak
 14789 | IceCv    | Noticed a death yak
 14799 | IceCv    | Killed a death yak
 14799 | IceCv    | Noticed a death yak
 14800 | IceCv    | Reached XP level 13. HP: 58/89 MP: 13/13
 14891 | IceCv    | Noticed a frost giant
 14904 | IceCv    | Identified the +8 spear of Guile {flame, rElec rN++ Int+2}
                  | (Okawaru gifted it to you in an ice cave)
 14904 | IceCv    | Received a gift from Okawaru
 14905 | IceCv    | Reached skill level 14 in Fighting
 14921 | IceCv    | Killed a frost giant
 15617 | Lair:2   | Found a staircase to the Swamp.
 15621 | Lair:2   | HP: 2/91 [tyrant leech (12)]
 15985 | Lair:2   | Found a staircase to the Snake Pit.
 16188 | Lair:3   | Noticed Sonja
 16339 | Lair:2   | Received a gift from Okawaru
 16362 | Lair:2   | Killed Sonja
 16845 | Lair:3   | Found a white marble altar of Elyvilon.
 17392 | Lair:4   | Noticed Nessos
 17401 | Lair:4   | Killed Nessos
 17629 | Lair:4   | Reached skill level 15 in Fighting
 17718 | Lair:4   | Found a runed translucent door.
 17747 | Lair:4   | Gained mutation: Your large and strong wings let you fly.
                  | [Gargoyle growth]
 17747 | Lair:4   | Reached XP level 14. HP: 42/98 MP: 14/14
 17965 | Lair:4   | Received a gift from Okawaru
 18040 | Lair:4   | Gained mutation: You have a pair of small antennae on your
                  | head. [potion of mutation]
 18041 | Lair:4   | Lost mutation: You have a pair of small antennae on your
                  | head. [potion of mutation]
 18041 | Lair:4   | Gained mutation: You are weak. (Str -2) [potion of
                  | mutation]
 18041 | Lair:4   | Gained mutation: You possess an exceptional clarity of
                  | mind. [potion of mutation]
 18041 | Lair:4   | Gained mutation: You are very weak. (Str -4) [potion of
                  | mutation]
 18482 | Lair:5   | Entered Level 5 of the Lair of Beasts
 18498 | Lair:4   | HP: 4/98 [yak (12)]
 18498 | Lair:4   | Slain by a polar bear

Illustrated notes

Levels and vault maps discovered:
D:1:      dpeg_arrival_long_road, layout_basic
D:2:      layout_rooms, serial_shops, nicolae_shop_bloodbath_and_beyond
D:3:      layout_loops_corners, lemuel_round_altar,
          mainiacjoe_overflow_alcove_4, shapermc_ecumenical_altar_gd,
          minmay_misc_feat_roman, uniq_terence
D:4:      cheibrodos_old_hovel, layout_basic, kennysheep_mini,
          nicolae_gozag_cash_rules_everything_around_me, zin_statuary,
          uniq_eustachio, uniq_duvessa, uniq_blork_the_orc, uniq_sigmund
D:5:      layout_basic, minmay_temple_entry_antechambers, portal_sewer_entry_b,
          nicolae_elemental_shop
D:6:      layout_rooms, grunt_dithmenos_shadows, centaur_isle
D:7:      layout_rooms, yredelemnul_forgotten_temple_becter,
          mainiacjoe_overflow_boulevard, general_overflow_altar
D:8:      layout_layer_cave, lemuel_doored_altar, mainiacjoe_overflow_24_doors,
          serial_shops, shop
D:9:      layout_basic, overflow_temple_1_default, mainiacjoe_overflow_paths,
          grunt_lair_entry_orc_guard_hut, enter_bailey_5,
          hangedman_decor_points, minmay_quadrilaterals, uniq_maurice
D:10:     layout_basic, uniq_urug, uniq_nergalle
D:11:     layout_roguey
Temple:   chequers_temple_sunken
Lair:1:   layout_chaotic_city, serial_bayou_shore_b, lemuel_fruit_tree
Lair:2:   layout_hall_layers, palyth_hydra_swamp_entry, dummy_snake_entry,
          portal_ice_cave_rime
Lair:3:   layout_big_grid, basic_altar, cheibrodos_lair_reptile_den, uniq_sonja
Lair:4:   layout_roguey, pdpol_lair_cabin_in_the_woods, uniq_nessos
Lair:5:   minmay_lair_end_enchanted_forest, layout_cave_pods,
          dpeg_slime_entry_enclosed, grunt_megastairs_1, uniq_josephine

Skill      XL: |  1  2  3  4  5  6  7  8  9 10 11 12 13 |
---------------+----------------------------------------+-----
Fighting       | 4 5 6 7 9 10 12 13 15 | 15.3
Shields        | 4 5 6 7 |  7.9
Maces & Flails | 3 4 5 |  5.5
Staves         | 4 7 8 |  8.6
Polearms       | 5 9 12 14 | 14.5
Armour         | |  3.2

Action                     |  1- 3 |  4- 6 |  7- 9 | 10-12 | 13-15 || total
---------------------------+-------+-------+-------+-------+-------++-------
  Melee: Flail             |   137 |   168 |    82 |       |       ||   387
         Demon trident     |       |       |   503 |   872 |   557 ||  1932
    Use: Scroll            |     1 |     1 |    15 |    15 |     4 ||    36
         Potion            |       |       |       |       |     2 ||     2
   Stab: Petrified         |       |       |       |       |     6 ||     6
         Petrifying        |       |       |       |       |     1 ||     1
 Armour: Scale mail        |    96 |    72 |   353 |       |       ||   521
         Ring mail         |       |       |   284 |   287 |   316 ||   887
         Chain mail        |       |       |       |    99 |       ||    99
         Steam dragon scal |       |       |       |    59 |       ||    59
  Dodge: Dodged            |    78 |    51 |   453 |   291 |   178 ||  1051
  Block: Buckler           |    38 |    70 |   554 |   411 |   251 ||  1324
         Reflection        |       |     3 |    32 |     7 |     7 ||    49

Table legend: (Time is in decaauts)
 A = Elapsed time spent in this place.
 B = Non-inter-level travel time spent in this place.
 C = Inter-level travel time spent in this place.
 D = Time resting spent in this place.
 E = Time spent auto-exploring this place.
 F = Levels seen in this place.
 G = Mean time per level.
                   A        B        C        D        E       F      G
               +--------+--------+--------+--------+--------+-----+--------+
         Total |  18512 |  18093 |    419 |   5580 |   8130 |  20 |  925.6 |
       Dungeon |  12765 |  12405 |    360 |   3730 |   6233 |  11 | 1160.5 |
        Temple |     53 |     40 |     13 |      0 |      0 |   1 |   53.0 |
          Lair |   3428 |   3382 |     46 |   1058 |   1638 |   5 |  685.6 |
         Sewer |   1075 |   1075 |      0 |    507 |     50 |   1 | 1075.0 |
        Bailey |    329 |    329 |      0 |     57 |     57 |   1 |  329.0 |
      Ice Cave |    860 |    860 |      0 |    227 |    151 |   1 |  860.0 |
               +--------+--------+--------+--------+--------+-----+--------+

Top non-repeatable levels by time:
     D:4: 2538 daAuts
     D:8: 1680 daAuts
     D:6: 1549 daAuts
  Lair:2: 1504 daAuts
     D:3: 1362 daAuts
  Lair:4: 1158 daAuts
     D:9: 1132 daAuts
   Sewer: 1075 daAuts
    D:10: 991 daAuts
   IceCv: 860 daAuts
     D:1: 764 daAuts
    D:11: 755 daAuts
     D:5: 714 daAuts
     D:7: 681 daAuts
     D:2: 596 daAuts
